Cogmind - Beta 11 *** ADVENTURER MODE // 2022.04.03 @ 13:46:00 Player: Turbografx16 Result: Self-destructed Performance ------------- Evolutions (3) 1500 Regions Visited (12) 2400 Robots Destroyed (90) 450 Value Destroyed (4372) 4372 Prototype IDs (6) 120 Alien Tech Used (0) 0 Bonus (2859) 2859 TOTAL SCORE: 11701 Bonus ------- High Alert Combat Kills 257 Follower Combat Kills 818 Entered Garrisons 600 Used RIF Installer 1000 Aligned with FarCom 300 Friendly Fire -116 Cogmind --------- Core Integrity 648/700 Matter 300/300 Energy 290/290 System Corruption 0% Temperature Cool (0) Movement Treading (240) Ox1 Location -7/Garrison Parts ------- > --- POWER (1) -------- Improved Deuterium Engine > --- PROPULSION (3) --- Light Treads > --- UTILITY (6) ------ Lightpack 2.0 Hacking Suite Relay Coupler [Brawler] (32) Relay Coupler [Duelist] (19) > --- WEAPON (3) ------- Gauss Rifle Gauss Rifle Remote Datajack > --- INVENTORY (40) --- Light Treads Superbattery (1500) Advanced Targeting Computer Weapon Cycler Weapon Cycler Improved Medium Armor Plating Hacking Suite Relay Coupler [NC] (43) Relay Coupler [Cutter] (44) Relay Coupler [Grunt] Relay Coupler [Grunt] Relay Coupler [Grunt] Relay Coupler [Grunt] Relay Coupler [Demolisher] (33) Relay Coupler [Specialist] (28) Relay Coupler [Hunter] (25) Relay Coupler [Heavy] (23) Guided Plasma Cannon Gauss Rifle Gauss Rifle Gauss Rifle Improved Datajack Improved Datajack Peak State ------------ > --- POWER ------------ Improved Deuterium Engine > --- PROPULSION ------- Light Treads Light Treads Light Treads > --- UTILITY ---------- Lightpack 2.0 Improved Medium Armor Plating Relay Coupler [Brawler] Relay Coupler [Hunter] > --- WEAPON ----------- Gauss Rifle Gauss Rifle Remote Datajack > --- INVENTORY -------- Light Treads Superbattery Advanced Targeting Computer Weapon Cycler Weapon Cycler Hacking Suite Hacking Suite Relay Coupler [NC] Relay Coupler [NC] Relay Coupler [Swarmer] Relay Coupler [Cutter] Relay Coupler [Grunt] Relay Coupler [Grunt] Relay Coupler [Duelist] Relay Coupler [Demolisher] Relay Coupler [Specialist] Relay Coupler [Hunter] Relay Coupler [Heavy] Guided Plasma Cannon Gauss Rifle Gauss Rifle Gauss Rifle Improved Datajack Improved Datajack [Rating: 70] Favorites ----------- Power Light Ion Engine Engine Light Ion Engine Power Core Light Nuclear Core Propulsion Light Treads Treads Light Treads Leg Aluminum Leg Utility Weapon Cycler Device Weapon Cycler Storage High-capacity Storage Unit Hackware System Shield Protection Improved Weapon Shielding Weapon Gauss Rifle Energy Gun EM Pulse Gun Energy Cannon Guided Plasma Cannon Ballistic Gun Gauss Rifle Ballistic Cannon Improved Light Cannon Special Weapon Remote Datajack Special Melee Weapon Improved Datajack Build | -11 -10 -10 -9 -9 -9 -8 -8 -8 -8 -8 -7 -7 ------- Run | Scr Mat Min Mat Min Exi Min Mat Gar Mat Gar Fac Gar Slots Evolved 6 | . . . 2 . . . 2 . . . 2 . Power . | . . . . . . . . . . . . . Propulsion 1 | . . . . . . . 1 . . . . . Utility 4 | . . . 1 . . . 1 . . . 2 . Weapon 1 | . . . 1 . . . . . . . . . Parts Attached 87 | . 10 . 5 . 5 1 24 5 3 11 23 . Power 7 | . 2 . . . . . 3 . . 1 1 . Engine 5 | . 2 . . . . . 1 . . 1 1 . Core 2 | . . . . . . . 2 . . . . . Reactor . | . . . . . . . . . . . . . Propulsion 16 | . 3 . . . . 1 4 3 . 4 1 . Treads 15 | . 2 . . . . 1 4 3 . 4 1 . Leg 1 | . 1 . . . . . . . . . . . Wheel . | . . . . . . . . . . . . . Hover . | . . . . . . . . . . . . . Flight . | . . . . . . . . . . . . . Utility 39 | . 3 . 1 . 3 . 10 1 2 6 13 . Device 8 | . 2 . . . 1 . 4 . . . 1 . Storage 7 | . 1 . . . 2 . 2 1 . . 1 . Processor . | . . . . . . . . . . . . . Hackware 13 | . . . . . . . 1 . 1 6 5 . Protection 11 | . . . 1 . . . 3 . 1 . 6 . Artifact . | . . . . . . . . . . . . . Weapon 25 | . 2 . 4 . 2 . 7 1 1 . 8 . Energy Gun 5 | . 2 . 1 . . . 2 . . . . . Energy Cannon 1 | . . . . . 1 . . . . . . . Ballistic Gun 11 | . . . 1 . . . 5 1 . . 4 . Ballistic Cannon 3 | . . . 2 . 1 . . . . . . . Launcher . | . . . . . . . . . . . . . Special Weapon 2 | . . . . . . . . . . . 2 . Impact Weapon . | . . . . . . . . . . . . . Slashing Weapon . | . . . . . . . . . . . . . Piercing Weapon . | . . . . . . . . . . . . . Special Melee Weapon 3 | . . . . . . . . . 1 . 2 . Unidentified Prototypes 6 | . . . 1 . 2 . 2 . . . 1 . Parts Lost 11 | . . . . . . . 3 3 . 2 1 2 Power 2 | . . . . . . . 1 . . 1 . . Propulsion 6 | . . . . . . . 1 2 . 1 . 2 Utility 1 | . . . . . . . 1 . . . . . Weapon 2 | . . . . . . . . 1 . . 1 . Highest Loss Streak 2 | . . . . . . . 1 2 . 1 1 2 To Critical Strikes . | . . . . . . . . . . . . . Average Slot Usage (%) 92 | . 94 100 97 100 99 100 98 97 79 76 83 84 Engine 7 | . 13 14 11 11 11 11 4 9 9 5 7 7 Treads 24 | . 2 28 22 22 22 22 26 27 27 26 23 23 Device 8 | . 9 14 11 11 10 11 13 16 . . 2 . Storage 9 | . 14 14 11 11 11 11 9 9 9 9 7 7 Hackware 6 | . . . . . . . 8 8 3 8 14 23 Protection 4 | . . . 9 11 11 11 4 . 4 . 5 . Energy Gun 4 | . 8 14 11 11 11 11 4 . . . . . Ballistic Gun 17 | . 19 14 11 11 11 11 21 27 23 18 15 15 Ballistic Cannon 3 | . . . 10 11 11 11 . . . . . . Special Melee Weapon 2 | . . . . . . . . . 3 9 4 . Naked Turns . | . . . . . . . . . . . . . Heaviest Build 63 | 10 27 27 35 35 55 55 63 63 28 23 34 26 Greatest Support 63 | 20 40 40 40 40 40 43 63 60 60 60 60 40 Greatest Overweight (x) 1 | . . . . . 1 1 1 1 . . . . Average Overweight (x) . | . . . . . . 1 . . . . . . Largest Inventory Capacity 40 | . 15 15 15 15 20 20 40 40 40 40 40 40 Average Capacity 25 | . 8 15 15 15 18 20 20 21 40 40 40 40 Most Carried 25 | . 8 6 15 15 20 20 20 22 21 24 25 23 Average Carried 18 | . 6 5 13 15 17 18 19 19 21 19 23 22 Final Capacity 40 | 8 15 15 15 15 20 20 20 40 40 40 40 40 Final Carried 24 | 6 5 6 15 15 19 19 20 22 21 24 22 23 Class Distribution -------------------- 31% | Bothacker-Mutant 22% | Hacker-Skirmisher 19% | Tank 9% | Hacker-Mutant 6% | Skirmisher 5% | Mutant Dominant Class ---------------- Mutant | -10/Materials Mutant | -10/Mines Tank | -9/Materials Tank | -9/Mines Tank | -9/Exiles Skirmisher | -8/Mines Hacker-Skirmisher | -8/Materials Hacker-Skirmisher | -8/Garrison Bothacker-Skirmisher | -8/Materials Bothacker-Mutant | -8/Garrison Bothacker-Mutant | -7/Factory Bothacker-Mutant | -7/Garrison Resources | -11 -10 -10 -9 -9 -9 -8 -8 -8 -8 -8 -7 -7 ----------- Run | Scr Mat Min Mat Min Exi Min Mat Gar Mat Gar Fac Gar Matter Collected 3119 | 197 55 31 154 14 . 123 873 593 97 439 511 32 Remotely . | . . . . . . . . . . . . . Salvage Created 3624 | . 180 . 317 41 . 137 1253 820 87 238 551 . Parts 218 | . 9 . 24 2 . 3 91 48 6 14 21 . Haulers Intercepted 4 | . . . 1 . . . 3 . . . . . Recyclers Shooed . | . . . . . . . . . . . . . Parts Field Recycled . | . . . . . . . . . . . . . Retrieved Matter . | . . . . . . . . . . . . . Parts Self-Destructed . | . . . . . . . . . . . . . Prevented . | . . . . . . . . . . . . . Kills | -11 -10 -10 -9 -9 -9 -8 -8 -8 -8 -8 -7 -7 ------- Run | Scr Mat Min Mat Min Exi Min Mat Gar Mat Gar Fac Gar Combat Hostiles Destroyed 74 | . 4 . 7 1 . 3 19 22 2 8 8 . Guns 66 | . 4 . 4 . . 1 17 22 2 8 8 . Cannons 7 | . . . 3 1 . 2 1 . . . . . AOE 1 | . . . . . . . 1 . . . . . Classes Destroyed 13 | . 1 . 4 . . . 6 . . . 2 . Worker 1 | . . . . . . . 1 . . . . . Builder 3 | . . . . . . . 2 . 1 . . . Tunneler 2 | . . . . . . . 1 . . . 1 . Hauler 4 | . . . 1 . . . 3 . . . . . Recycler 1 | . . . . . . . . . . . 1 . Operator 2 | . . . 1 . . . 1 . . . . . Watcher 3 | . . . . . . . 2 . . . 1 . Swarmer 17 | . . . 2 . . . . 9 1 5 . . Grunt 43 | . 4 . 4 1 . 3 11 11 1 2 6 . Brawler 1 | . . . . . . . 1 . . . . . Sentry 10 | . . . 1 . . . 6 2 . . 1 . Hunter 2 | . . . . . . . 1 . . 1 . . Programmer 1 | . . . . . . . . . . . 1 . Best Kill Streak 8 | . 2 . 3 2 . 2 4 8 3 3 2 . Combat Bots Only 8 | . 2 . 2 2 . 2 4 8 2 3 1 . Max Kills in Single Turn 3 | . 1 . 2 1 . 1 3 2 1 1 1 . Gunslinging 1 | . . . . . . . . 1 . . . . Exploded 1 | . . . . . . . 1 . . . . . Melee . | . . . . . . . . . . . . . Uniques/NPCs Destroyed . | . . . . . . . . . . . . . Combat | -11 -10 -10 -9 -9 -9 -8 -8 -8 -8 -8 -7 -7 -------- Run | Scr Mat Min Mat Min Exi Min Mat Gar Mat Gar Fac Gar Damage Taken 2573 | . 116 . 11 . . 208 620 672 85 294 439 128 Core 230 | . . . . . . 25 47 54 5 47 43 9 Absorbed by Shields . | . . . . . . . . . . . . . Redirected to Shielding 146 | . . . 7 . . 79 50 . 10 . . . Core Remaining (%) 91 | 100 . 100 . . . 93 . . . 72 . . Volleys Fired 235 | . 12 . 14 1 . 9 64 53 6 36 36 4 Largest 3 | . 2 . 3 3 . 3 3 3 2 2 3 2 Hottest 107 | . 60 . 102 102 . 102 107 84 56 56 84 56 Shots Fired 568 | . 24 . 42 3 . 27 181 128 12 73 70 8 Gun 533 | . 24 . 28 2 . 18 173 128 12 73 67 8 Cannon 32 | . . . 14 1 . 9 8 . . . . . Launcher . | . . . . . . . . . . . . . Special 3 | . . . . . . . . . . . 3 . Kinetic 508 | . 14 . 28 2 . 18 158 128 12 73 67 8 Thermal . | . . . . . . . . . . . . . Explosive . | . . . . . . . . . . . . . Electromagnetic 57 | . 10 . 14 1 . 9 23 . . . . . Robot Hit Streak 22 | . 13 . 10 2 . 21 16 22 13 12 19 5 Robot Miss Streak 4 | . 1 . 4 1 . 1 2 3 1 1 2 1 Penetration Max 1 | . . . . . . . 1 1 1 1 1 . Secondary Targets 11 | . . . . . . . 2 8 . 1 . . Max Gunslinging Chain 2 | . . . . . . . 1 2 . 1 . . Shots Hit Robots 394 | . 20 . 19 2 . 22 131 88 9 38 61 4 Core Hits 156 | . 9 . 12 1 . 10 55 32 4 13 19 1 Critical Kills 3 | . . . . . . . . 2 . 1 . . Critical Parts Destroyed 7 | . . . . . . . 2 1 1 1 2 . Critical Strikes 13 | . . . 1 . . 1 3 3 1 2 2 . Destroy 11 | . . . . . . . 3 3 1 2 2 . Blast 2 | . . . 1 . . 1 . . . . . . Melee Attacks 18 | . . . . . . . . . 3 9 6 . Impact . | . . . . . . . . . . . . . Slashing . | . . . . . . . . . . . . . Piercing . | . . . . . . . . . . . . . Sneak Attacks 1 | . . . . . . . . . . . 1 . Combat Hostiles . | . . . . . . . . . . . . . Follow-up Attacks . | . . . . . . . . . . . . . Damage Inflicted 7588 | . 269 . 339 41 . 483 2504 1790 262 654 1204 42 Guns 6739 | . 230 . 207 17 . 207 2130 1790 262 654 1200 42 Cannons 421 | . . . 132 24 . 145 120 . . . . . Explosions 387 | . 37 . . . . 131 219 . . . . . Melee . | . . . . . . . . . . . . . Ramming 41 | . 2 . . . . . 35 . . . 4 . Kinetic 6514 | . 76 . 227 41 . 240 1982 1790 262 654 1200 42 Thermal 387 | . 37 . . . . 131 219 . . . . . Explosive . | . . . . . . . . . . . . . Electromagnetic 646 | . 154 . 112 . . 112 268 . . . . . Impact . | . . . . . . . . . . . . . Slashing . | . . . . . . . . . . . . . Piercing . | . . . . . . . . . . . . . Highest Corruption 3 | . . . . . . . 3 3 3 3 . . Average Corruption 3 | . . . . . . . 3 3 3 3 . . Corruption Purged . | . . . . . . . . . . . . . Corruption Blocked . | . . . . . . . . . . . . . Effects 86 | . . . . . . . 32 25 6 23 . . Message Errors 22 | . . . . . . . 7 7 1 7 . . Matter Fused 20 | . . . . . . . 5 6 3 6 . . Heat Flow Errors 10 | . . . . . . . 5 2 . 3 . . Energy Discharges 7 | . . . . . . . 1 4 . 2 . . Parts Rejected 1 | . . . . . . . 1 . . . . . Data Loss (minor) 13 | . . . . . . . 5 4 2 2 . . Data Loss (major) 5 | . . . . . . . 5 . . . . . Misfires 6 | . . . . . . . 3 1 . 2 . . Weapon Failures 2 | . . . . . . . . 1 . 1 . . Overload Shots . | . . . . . . . . . . . . . Overflow Damage 24 | . . . 16 . . . 8 . . . . . Projectiles 16 | . . . 16 . . . . . . . . . Explosions 8 | . . . . . . . 8 . . . . . Melee . | . . . . . . . . . . . . . Knockbacks 3 | . . . . . . 1 2 . . . . . Impact . | . . . . . . . . . . . . . Kinetic 3 | . . . . . . 1 2 . . . . . Secondary . | . . . . . . . . . . . . . Self-Inflicted Damage 111 | . 26 . . . . . 85 . . . . . Shots 3 | . 1 . . . . . 2 . . . . . Rammed 5 | . 1 . . . . . 3 . . . 1 . Targets Rammed 6 | . 1 . . . . . 3 . . . 2 . Kicked . | . . . . . . . . . . . . . Crushed 1 | . . . . . . . . . . . 1 . Highest Temperature 372 | . 79 . 90 33 . 241 243 372 3 170 18 . Average Temperature 66 | . 25 . 30 19 . 94 59 102 3 55 4 . Received Heat Transfer 1149 | . 72 . 9 . . 144 297 342 36 72 177 . Effects 8 | . . . . . . . 4 4 . . . . Energy Bleed 1 | . . . . . . . 1 . . . . . Interference 7 | . . . . . . . 3 4 . . . . Siege Activations . | . . . . . . . . . . . . . Robots Corrupted . | . . . . . . . . . . . . . Combat Hostiles . | . . . . . . . . . . . . . Parts Fried 1 | . . . 1 . . . . . . . . . Impact Corruptions . | . . . . . . . . . . . . . Robots Melted . | . . . . . . . . . . . . . Combat Hostiles . | . . . . . . . . . . . . . Parts Melted 1 | . . . . . . . . . . . 1 . Heat Transferred 400 | . 50 . . . . 150 200 . . . . . Parts Sabotaged . | . . . . . . . . . . . . . Parts Stolen . | . . . . . . . . . . . . . Parts Stripped . | . . . . . . . . . . . . . Power Chain Reactions 4 | . 1 . . . . 1 2 . . . . . Missiles Intercepted . | . . . . . . . . . . . . . Alert | -11 -10 -10 -9 -9 -9 -8 -8 -8 -8 -8 -7 -7 ------- Run | Scr Mat Min Mat Min Exi Min Mat Gar Mat Gar Fac Gar Peak Influence 899 | . 212 69 211 84 . 157 248 899 446 665 368 123 Initial 377 | . . 69 22 31 . . . 43 377 253 302 41 Average 205 | . 117 69 73 30 . 74 81 439 403 468 176 87 Maximum Alert Level 3 | . 1 . 1 . . . 1 3 2 2 1 . Low Security (%) 63 | . 79 100 90 100 . 100 95 25 . . 57 100 Level 1 15 | . 20 . 9 . . . 4 23 64 8 42 . Level 2 18 | . . . . . . . . 27 35 91 . . Level 3 2 | . . . . . . . . 22 . . . . Level 4 . | . . . . . . . . . . . . . Level 5 . | . . . . . . . . . . . . . High Security . | . . . . . . . . . . . . . Max Security . | . . . . . . . . . . . . . Squads Dispatched 13 | . . . 1 . . . 5 . 1 . 6 . Investigation 5 | . . . . . . . 2 . 1 . 2 . Extermination 3 | . . . . . . . . . . . 3 . Reinforcement 4 | . . . 1 . . . 2 . . . 1 . Assault . | . . . . . . . . . . . . . Garrison 1 | . . . . . . . 1 . . . . . Intercept . | . . . . . . . . . . . . . Searches Triggered . | . . . . . . . . . . . . . Construction Impeded . | . . . . . . . . . . . . . Haulers Reinforced . | . . . . . . . . . . . . . Active Scanning Responses . | . . . . . . . . . . . . . Cargo Convoy Interrupts . | . . . . . . . . . . . . . Stealth | -11 -10 -10 -9 -9 -9 -8 -8 -8 -8 -8 -7 -7 --------- Run | Scr Mat Min Mat Min Exi Min Mat Gar Mat Gar Fac Gar Distress Signals 9 | . 2 . . . . . 5 . 1 . 1 . Communications Jammed . | . . . . . . . . . . . . . Distress Signals . | . . . . . . . . . . . . . Times Spotted 162 | . 9 . 11 1 . 6 42 23 8 28 30 4 Peak Tracking Total 8 | . 4 . 3 1 . 3 5 8 5 6 4 3 Tactical Retreats 8 | . 1 . . . . 1 2 1 . 1 2 . Traps | -11 -10 -10 -9 -9 -9 -8 -8 -8 -8 -8 -7 -7 ------- Run | Scr Mat Min Mat Min Exi Min Mat Gar Mat Gar Fac Gar Traps Triggered 8 | . 2 . . . . . 2 2 . . 2 . Indirectly . | . . . . . . . . . . . . . Trap Hack Attempts 2 | . . . . . . . . . . 2 . . Triggered . | . . . . . . . . . . . . . Disarmed . | . . . . . . . . . . . . . Reprogrammed 1 | . . . . . . . . . . 1 . . Reused . | . . . . . . . . . . . . . Traps Extracted . | . . . . . . . . . . . . . Installed . | . . . . . . . . . . . . . Triggered . | . . . . . . . . . . . . . Machines | -11 -10 -10 -9 -9 -9 -8 -8 -8 -8 -8 -7 -7 ---------- Run | Scr Mat Min Mat Min Exi Min Mat Gar Mat Gar Fac Gar Machines Disabled 12 | . . . 1 . . 2 2 3 . 3 . 1 Max in Single Turn 1 | . . . 1 . . 1 1 1 . 1 . 1 Garrison Relay 7 | . . . . . . . . 3 . 3 . 1 Machines Sabotaged . | . . . . . . . . . . . . . Garrisons Compromised . | . . . . . . . . . . . . . Overloaded Fab Kills . | . . . . . . . . . . . . . Hacking | -11 -10 -10 -9 -9 -9 -8 -8 -8 -8 -8 -7 -7 --------- Run | Scr Mat Min Mat Min Exi Min Mat Gar Mat Gar Fac Gar Machines Accessed 28 | . 5 . 2 1 . . 6 . 4 . 10 . Terminals 21 | . 5 . 2 1 . . 4 . 3 . 6 . Fabricators 1 | . . . . . . . . . . . 1 . Repair Stations . | . . . . . . . . . . . . . Recycling Units 2 | . . . . . . . . . . . 2 . Scanalyzers 1 | . . . . . . . 1 . . . . . Garrison Access 3 | . . . . . . . 1 . 1 . 1 . Total Hacks 62 | . 12 . 3 3 . . 17 . 8 . 19 . Successful 42 | . 9 . 3 1 . . 10 . 5 . 14 . Failed 20 | . 3 . . 2 . . 7 . 3 . 5 . Catastrophic 3 | . . . . . . . 2 . . . 1 . Database Lockouts . | . . . . . . . . . . . . . Manual 57 | . 12 . 3 5 1 . 16 . 8 . 12 . Terminals 49 | . 12 . 3 3 . . 14 . 5 . 12 . Fabricators 3 | . . . . . . . . . . . 3 . Repair Stations . | . . . . . . . . . . . . . Recycling Units 2 | . . . . . . . . . . . 2 . Scanalyzers 1 | . . . . . . . 1 . . . . . Garrison Access 7 | . . . . . . . 2 . 3 . 2 . Terminal Hacks 12 | . 3 . 1 1 . . 4 . . . 3 . Record 1 | . . . . 1 . . . . . . . . Part Schematic 1 | . . . . . . . . . . . 1 . Robot Analysis 4 | . 2 . . . . . 2 . . . . . Terminal Index 1 | . 1 . . . . . . . . . . . Unreport Threat 3 | . . . 1 . . . 2 . . . . . Locate Traps 1 | . . . . . . . . . . . 1 . Hauler Manifests 1 | . . . . . . . . . . . 1 . Fabricator Hacks 3 | . . . . . . . . . . . 3 . Network Status 1 | . . . . . . . . . . . 1 . Load Schematic 1 | . . . . . . . . . . . 1 . Build 1 | . . . . . . . . . . . 1 . Repair Station Hacks . | . . . . . . . . . . . . . Recycling Unit Hacks 2 | . . . . . . . . . . . 2 . Report Inventory 2 | . . . . . . . . . . . 2 . Scanalyzer 1 | . . . . . . . 1 . . . . . Insert Component 1 | . . . . . . . 1 . . . . . Garrison Access Hacks 3 | . . . . . . . 1 . 1 . 1 . Unlock Access 3 | . . . . . . . 1 . 1 . 1 . Unauthorized Hacks 21 | . 6 . 2 . . . 4 . 4 . 5 . Terminals 19 | . 6 . 2 . . . 3 . 4 . 4 . Assimilate 2 | . 1 . . . . . . . 1 . . . Botnet 17 | . 5 . 2 . . . 3 . 3 . 4 . Fabricators . | . . . . . . . . . . . . . Repair Stations . | . . . . . . . . . . . . . Recycling Units . | . . . . . . . . . . . . . Scanalyzers . | . . . . . . . . . . . . . Garrison Access 2 | . . . . . . . 1 . . . 1 . Reprogram 2 | . . . . . . . 1 . . . 1 . Data Cores Recovered . | . . . . . . . . . . . . . Used . | . . . . . . . . . . . . . Hacking Detections 19 | . 4 . 2 1 . . 3 . 3 . 6 . Full Trace Events 4 | . . . . . . . 2 . 1 . 1 . Feedback Events . | . . . . . . . . . . . . . Feedback Blocked . | . . . . . . . . . . . . . Robot Schematics Acquired . | . . . . . . . . . . . . . Robots Built . | . . . . . . . . . . . . . Authchips . | . . . . . . . . . . . . . Time . | . . . . . . . . . . . . . Total Robot Build Rating . | . . . . . . . . . . . . . Part Schematics Acquired 1 | . . . . . . . . . . . 1 . Parts Built 1 | . . . . . . . . . . . 1 . Authchips . | . . . . . . . . . . . . . Time 84 | . . . . . . . . . . . 84 . Total Part Build Rating 4 | . . . . . . . . . . . 4 . Parts Repaired . | . . . . . . . . . . . . . Time . | . . . . . . . . . . . . . Parts Recycled . | . . . . . . . . . . . . . Recycled Matter . | . . . . . . . . . . . . . Retrieved Matter . | . . . . . . . . . . . . . Retrieved Components . | . . . . . . . . . . . . . Parts Scanalyzed . | . . . . . . . . . . . . . Part Schematics Acquired . | . . . . . . . . . . . . . Parts Damaged . | . . . . . . . . . . . . . Bothacking | -11 -10 -10 -9 -9 -9 -8 -8 -8 -8 -8 -7 -7 ------------ Run | Scr Mat Min Mat Min Exi Min Mat Gar Mat Gar Fac Gar Used RIF Installer 2 | . . . . . . . . 1 . 1 . . Coupler Efficiency 1 | . . . . . . . . . . 1 . . Robots Hacked 19 | . . . . . . . . . 2 9 8 . Non-combat 1 | . . . . . . . . . . . 1 . Combat 18 | . . . . . . . . . 2 9 7 . Robot Hacks Applied 19 | . . . . . . . . . 2 9 8 . no_distress 1 | . . . . . . . . . . . 1 . overwrite_iff 3 | . . . . . . . . . 1 . 2 . formatsys_high 15 | . . . . . . . . . 1 9 5 . Relay Couplers Released 26 | . . . . . . . . 13 . 10 . 3 Machine Destruction 26 | . . . . . . . . 13 . 10 . 3 Attached 11 | . . . . . . . . . 1 6 4 . Fabnet Peak Effective % . | . . . . . . . . . . . . . Robots Rewired . | . . . . . . . . . . . . . Allies Hacked 1 | . . . . . . . . . . . 1 . Hacks Repelled . | . . . . . . . . . . . . . Allies | -11 -10 -10 -9 -9 -9 -8 -8 -8 -8 -8 -7 -7 -------- Run | Scr Mat Min Mat Min Exi Min Mat Gar Mat Gar Fac Gar Total Allies 24 | . . 3 . . . . 1 . 2 9 9 . Largest Group 5 | . . 3 3 2 2 2 1 1 1 5 3 2 Highest-Rated Group 58 | . . 40 40 32 32 32 16 15 5 54 58 42 Highest-Rated Ally 32 | . . 16 16 16 16 16 16 15 5 15 32 30 Total Orders . | . . . . . . . . . . . . . Ally Attacks 171 | . . . 8 3 . 34 18 1 9 42 50 6 Total Damage 2234 | . . . 93 45 . 296 277 17 26 525 875 80 Kills 37 | . . . 3 1 . 3 6 1 . 10 12 1 Allies Corrupted 1 | . . . . . . . . . . . 1 . Allies Melted 1 | . . . . . . 1 . . . . . . Intel | -11 -10 -10 -9 -9 -9 -8 -8 -8 -8 -8 -7 -7 ------- Run | Scr Mat Min Mat Min Exi Min Mat Gar Mat Gar Fac Gar Robot Analysis Total 4 | . 2 . . . . . 2 . . . . . Derelict Logs Recovered 3 | . . 1 . 2 . . . . . . . . Drone Launches . | . . . . . . . . . . . . . Drone Recoveries . | . . . . . . . . . . . . . Exploration | -11 -10 -10 -9 -9 -9 -8 -8 -8 -8 -8 -7 -7 ------------- Run | Scr Mat Min Mat Min Exi Min Mat Gar Mat Gar Fac Gar Turns Passed 10415 | . 319 252 565 1094 465 666 2200 1223 372 1491 1643 125 Spaces Moved 5095 | 1 203 156 304 678 222 263 1019 466 181 777 760 65 Core . | . . . . . . . . . . . . . Treads 4904 | . 13 156 304 678 222 263 1019 466 181 777 760 65 Legs 191 | 1 190 . . . . . . . . . . . Wheels . | . . . . . . . . . . . . . Hover . | . . . . . . . . . . . . . Flight . | . . . . . . . . . . . . . Fastest Speed 120 | 120 120 160 160 160 160 240 160 160 160 160 160 160 Average Speed 173 | 120 122 160 160 160 199 240 172 229 160 160 160 160 Slowest Speed 240 | 120 160 160 160 160 240 240 240 240 160 160 160 160 Overloaded Moves . | . . . . . . . . . . . . . Propulsion Burnouts . | . . . . . . . . . . . . . Robots Hopped . | . . . . . . . . . . . . . Cave-ins Triggered . | . . . . . . . . . . . . . Exploration Rate (%) 48 | 2 46 54 19 99 60 62 75 71 21 75 25 22 Regions Visited 12 Branch Regions 4 Pre-discovered Areas 1 | . . . . 1 . . . . . . . . Known Exits Taken 4 | . . . . . . 1 1 . 1 . 1 . Unknown Exits Taken 6 | 1 1 1 1 1 1 . . . . . . . Scrap Searched 5 | . . 1 . 2 . 2 . . . . . . Spaces Dug 6 | . . . . . . . 1 2 . 3 . . Terrain Destroyed 37 | . 7 . . . . . 19 6 . 4 1 . Melee . | . . . . . . . . . . . . . Projectile 16 | . . . . . . . 6 5 . 4 1 . AOE 17 | . 7 . . . . . 10 . . . . . Terrain Rammed . | . . . . . . . . . . . . . Walls Destroyed . | . . . . . . . . . . . . . Machines Disabled . | . . . . . . . . . . . . . Actions | -11 -10 -10 -9 -9 -9 -8 -8 -8 -8 -8 -7 -7 --------- Run | Scr Mat Min Mat Min Exi Min Mat Gar Mat Gar Fac Gar Total 6292 | . 249 159 353 686 246 280 1351 566 250 953 1120 79 Wait 733 | . 19 3 15 6 14 . 222 17 56 103 273 5 Move 5084 | . 202 155 303 677 221 262 1018 465 181 776 759 65 Hop . | . . . . . . . . . . . . . Pick Up 54 | . 2 1 11 1 2 4 5 12 . 8 5 3 Fast Attach 34 | . 6 . 4 . 1 . 10 . 1 3 9 . Attach 27 | . 1 . . . 2 . 9 4 . 5 6 . Detach 14 | . . . 1 . 3 . 6 3 . . 1 . Swap 26 | . 3 . 1 . 2 1 5 1 2 3 8 . Drop 52 | . 3 . 4 1 1 4 9 7 1 7 13 2 Fire 235 | . 12 . 14 1 . 9 64 53 6 36 36 4 Melee 18 | . . . . . . . . . 3 9 6 . Ram . | . . . . . . . . . . . . . Kick . | . . . . . . . . . . . . . Crush 6 | . 1 . . . . . 3 . . . 2 . Escape Stasis 4 | . . . . . . . . 4 . . . . Rewire 3 | . . . . . . . . . . 1 2 . Trap 2 | . . . . . . . . . . 2 . . Miscellaneous . | . . . . . . . . . . . . . Route ------- -11/Scrapyard -10/Materials (discovered 2 exits: *Mat / [*Min]) -10/Mines -9/Materials (discovered 2 exits: Mat / *Min) -9/Mines (discovered 3 exits: *Mat x2 / *Exi) -9/Exiles -8/Mines -8/Materials (discovered 4 exits: *Fac x2 / [*Sto] / Gar) -8/Garrison (discovered 2 exits: *Mat x2) -8/Materials -8/Garrison (discovered 3 exits: *Fac x3) -7/Factory (discovered 3 exits: [*Fac] / [*Low] / Gar) -7/Garrison History --------- Turn | Location | Event 1 | -11/Scrapyard | Discovered new exit (range 0) 1 | -11/Scrapyard | Entered Materials 233 | -10/Materials | Discovered new exit (range 13) 303 | -10/Materials | Discovered new exit (range 8) 320 | -10/Materials | Build established: Mutant 320 | -10/Materials | Entered Mines 393 | -10/Mines | Learned location of 1 exit from Materials 473 | -10/Mines | Discovered new exit (range 13) 509 | -10/Mines | Assisted by bots powering up and referring to "LRC-V3" 572 | -10/Mines | Entered Materials 572 | -9/Materials | Accompanied by 3 allies 572 | -9/Materials | Evolved 2 slots: Utility x1, Weapon x1 573 | -9/Materials | Identified exit to Materials 967 | -9/Materials | Build established: Tank 1121 | -9/Materials | Discovered new exit (range 9) 1137 | -9/Materials | Entered Mines 1137 | -9/Mines | Accompanied by 2 allies 1258 | -9/Mines | Learned location of Zion (-6) 1594 | -9/Mines | Discovered exit to Materials (range 8) 1766 | -9/Mines | Learned Materials terminal intel 2083 | -9/Mines | Discovered exit to Materials (range 4) 2222 | -9/Mines | Deemed a non-threat by the Exiles lab entrance 2222 | -9/Mines | Discovered new exit (range 5) 2231 | -9/Mines | Entered Exiles 2231 | -9/Exiles | Accompanied by 2 allies 2270 | -9/Exiles | Met 8R-AWN 2297 | -9/Exiles | Met EX-HEX 2345 | -9/Exiles | Met EX-BIN 2364 | -9/Exiles | Aligned with FarCom system 2366 | -9/Exiles | Given EX-Vault access code 2403 | -9/Exiles | Opened EX-Vault 2408 | -9/Exiles | Found Prototype Storage 2416 | -9/Exiles | Identified Superbattery 2436 | -9/Exiles | Found Prototype Storage 2442 | -9/Exiles | Found Prototype Energy Cannon 2442 | -9/Exiles | Identified Gui. Plasma Cannon 2492 | -9/Exiles | Warned to stay clear of 0b10 Research branches 2562 | -9/Exiles | Met EX-DEC 2672 | -9/Exiles | Discovered new exit (range 10) 2696 | -9/Exiles | Stole three prototypes: Superbattery, Gui. Plasma Cannon, Lightpack 2.0 2696 | -9/Exiles | Entered Mines 2696 | -8/Mines | Accompanied by 2 allies 2998 | -8/Mines | Build established: Skirmisher 3122 | -8/Mines | Discovered exit to Materials (range 8) 3362 | -8/Mines | Entered Materials 3362 | -8/Materials | Accompanied by 1 ally 3362 | -8/Materials | Evolved 2 slots: Propulsion x1, Utility x1 3363 | -8/Materials | Loaded intel: 12 terminal locations 3366 | -8/Materials | Identified Lightpack 2.0 3673 | -8/Materials | Build established: Hacker-Skirmisher 4281 | -8/Materials | Discovered new exit (range 6) 4873 | -8/Materials | Discovered new exit (range 16) 5190 | -8/Materials | Identified exit to Garrison 5211 | -8/Materials | Discovered new exit (range 8) 5309 | -8/Materials | Build established: Hacker-Mutant 5506 | -8/Materials | Garrison activated, responded to threat 5562 | -8/Materials | Entered Garrison 5562 | -8/Garrison | Accompanied by 1 ally 5923 | -8/Garrison | Destroyed 7 combat bots 5956 | -8/Garrison | Triggered checkpoint 6164 | -8/Garrison | Triggered checkpoint 6221 | -8/Garrison | Garrison Relay disabled 6302 | -8/Garrison | Discovered new exit (range 10) 6473 | -8/Garrison | Build established: Hacker-Skirmisher 6542 | -8/Garrison | Destroyed 8 combat bots 6628 | -8/Garrison | Triggered checkpoint 6674 | -8/Garrison | Garrison Relay disabled 6753 | -8/Garrison | Discovered new exit (range 9) 6779 | -8/Garrison | Installed Relay Interface Framework 6785 | -8/Garrison | Entered Materials 7157 | -8/Materials | Identified exit to Garrison 7157 | -8/Materials | Entered Garrison 7157 | -8/Garrison | Accompanied by 1 ally 7313 | -8/Garrison | Build established: Bothacker-Mutant 7337 | -8/Garrison | Discovered new exit (range 10) 7514 | -8/Garrison | Triggered checkpoint 7750 | -8/Garrison | Discovered new exit (range 8) 7944 | -8/Garrison | Triggered checkpoint 7970 | -8/Garrison | Garrison Relay disabled 8042 | -8/Garrison | Triggered checkpoint 8091 | -8/Garrison | Discovered new exit (range 10) 8117 | -8/Garrison | Expanded RIF knowledge: Coupler Efficiency 8160 | -8/Garrison | Triggered checkpoint 8258 | -8/Garrison | Garrison Relay disabled 8352 | -8/Garrison | Triggered checkpoint 8448 | -8/Garrison | Triggered checkpoint 8470 | -8/Garrison | Garrison Relay disabled 8648 | -8/Garrison | Entered Factory 8648 | -7/Factory | Evolved 2 slots: Utility x2 8650 | -7/Factory | FarCom data flow suspended 8693 | -7/Factory | Discovered new exit (range 5) 8814 | -7/Factory | Discovered new exit (range 6) 9946 | -7/Factory | Identified exit to Garrison 10138 | -7/Factory | Fabricated Remote Datajack (x1) 10291 | -7/Factory | Entered Garrison 10291 | -7/Garrison | Accompanied by 2 allies 10324 | -7/Garrison | Triggered checkpoint 10353 | -7/Garrison | Garrison Relay disabled 10416 | -7/Garrison | Triggered checkpoint 10416 | -7/Garrison | Self-destructed Last Messages --------------- 10353_ Unknown Hackware tumbles out of relay unit. 10353_ Relay Coupler [NC] tumbles out of relay unit. 10358_ Acquired Unknown Hackware. 10362_ Dropped Relay Coupler [NC]. 10363_ Acquired Unknown Hackware. 10366_ Acquired Relay Coupler [NC]. 10379_ Acquired 8 matter. 10398_ Virus 4b triggered Stasis Trap. 10398_ A bubble of rippling energy engulfs the area. 10398_ Field strength at 95. 10398_ Field strength at 90. 10399_ Field strength at 85. 10400_ Field strength at 80. 10401_ Field strength at 75. 10402_ Field strength at 70. 10403_ Field strength at 65. 10416_ Broken Lgt. Treads destroyed. 10416_ Lgt. Treads destroyed. 10416_ C-17 Slicer knocked back. 10416_ Beams of light sweep through the air. An alarm sounds. Map ----- +----------------------------------------------------+ | ?????????????# #???????????????????????????????? | | ?????????????# #???????????????????????????????? | | ?????????????# #???????????????????????????????? | | ?????????????# #???????????????????????????????? | | ?????????????# #???????????????????????????????? | | ?????????????# #???????????????????????????????? | | ?????????????# #???????????????????????????????? | | ?????????????# #???????????????????????????????? | | ?????????????# #???????????????????????????????? | | ?????????????# #???????????????????????????????? | | ?????????????# #???????????????????????????????? | | ?????????????# #???????????????????????????????? | | ############## #?????????##????????????????????? | | #????????? #????????????????????? | | ! ! #???????? #????????????????????? | | # ! ##### % ## #???????? #????????????????????? | | """"#??# % ## #???????? #????????????????????? | | ######??###### ^ #???????? #????????????????????? | | ?????????????# ^ #???????? #????????????????????? | | ?????????????# #???????? #????????????????????? | | ?????????????# #???????? #????????????????????? | | ?????????????# ######### ##""""## ##?????????? | | ?????????????# #?????????? | | ?????????????# ?????????? | | ?????????????# ?????????? | | ?????????????############@ c## #??????????????? | | ????????????????????????# #????????????????????? | | ???????????????????????? c c ???????????????????? | | ???????????????????????? ?????????????????? | | ???????????????????????Y ???????????????? | | ??????????????????????? ?????????????? | | ??????????????????????### ## ## ???????????? | | ????????????????????????# #? #??? ??????????? | | ???????????????????????? ?? ?????????????? | | ???????????????????????? ??? ????????????? | | ???????????????????????? ???? ????????????? | | ????????????????????????######???"## ????????????? | | ?????????????????????????????????????????????????? | | ?????????????????????????????????????????????????? | | ?????????????????????????????????????????????????? | | ?????????????????????????????????????????????????? | | ?????????????????????????????????????????????????? | | ?????????????????????????????????????????????????? | | ?????????????????????????????????????????????????? | | ?????????????????????????????????????????????????? | | ?????????????????????????????????????????????????? | | ?????????????????????????????????????????????????? | | ?????????????????????????????????????????????????? | | ?????????????????????????????????????????????????? | | ?????????????????????????????????????????????????? | +----------------------------------------------------+ Best States ------------- Heat Dissipation 34 Energy Generation 18 Energy Capacity 1600 Matter Stores 300 Matter Capacity 300 Sight Range 16 Terrain Scan Density 10 Armor Coverage 225 Resistance: KI 20 Resistance: TH 20 Resistance: EX 20 Resistance: EM 20 Resistance: I 20 Resistance: S 20 Resistance: P 20 Utility Shielding 66 Weapon Shielding 66 Weapon Cycling 30 Evasion (%) 55 Recoil Reduction 3 Offensive Hacking 20 Defensive Hacking 10 Relay Coupler Types 2 Relay Coupler Value 74 Item Schematics ----------------- Remote Datajack | -7/Factory | Hacked Robot Schematics ------------------ None Fabricated ------------ Remote Datajack | x1 | -7/Factory Alien Tech Used ----------------- None Achievements -------------- None Challenges ------------ None Game ------ Seed NetworkTerrainPenetrator Manual? 0 Play Time 01:12:50 Cumulative 58.7 hours Start 2022.04.02 @ 21:27:18 End 2022.04.03 @ 13:46:00 Sessions 5 Manual Loads 0 Difficulty Adventurer Special Mode None Game No. 90 Rogue 33 Adventurer 57 Explorer 0 Win Type - Total 4 Types 3/0/0/1/0/0/0/0/0 Lore% 46 Gallery% 54 Achievement% 54 Wizard Run 0 Options --------- ASCII 0 Keyboard 0 Movement Mouse Keybinds 0 Fullscreen 1 Font 20/SmallcapsGlow Map View 66x50 Tactical HUD 1 Map Filters NONE Filters NONE Steam 1 RUN: a7c49952-c2a9-48ad-beb2-5c244034c595